 Dungeon Crawl Stone Soup version 0.29.1-1-gd02db6906a (webtiles) character file.

Game seed: 15856506630619088505

11721 Amplified the Thaumaturge (level 11, 0/87 HPs)
             Began as a Mummy Conjurer on Sept 22, 2022.
             Was an Initiate of Gozag.
             Slain by a wraith (9 damage)
             ... on level 11 of the Dungeon on Oct 7, 2022.
             The game lasted 00:33:26 (15731 turns).

Amplified the Thaumaturge (Mummy Conjurer)         Turns: 15731, Time: 00:33:27

Health: 0/87       AC:  6    Str: 12    XL:     11   Next: 53%
Magic:  6/25       EV: 11    Int: 27    God:    Gozag
Gold:   168        SH:  0    Dex: 10    Spells: 20/31 levels left

rFire   . . .      SeeInvis .   t - staff of conjuration
rCold   + . .      Faith    .   (no shield)
rNeg    + + +      Spirit   .   c - +1 robe {rF+}
rPois   ∞          Reflect  .   s - +0 helmet
rElec   .          Harm     .   j - +0 cloak
rCorr   +          Rampage  .   o - +0 pair of gloves of Saroom {Will++ rCorr Int+6}
Will    ++++.                   (no boots)
Stlth   ++........              q - amulet of regeneration
HPRegen 1.04/turn               g - ring of willpower
MPRegen 0.19/turn               (no ring)

@: hasted and slowed
A: cold resistance 1, negative energy resistance 3, torment resistance 2, heat
vulnerability 1, in touch with death 1, no potions
a: Renounce Religion, Potion Petition, Call Merchant, Bribe Branch


You were on level 11 of the Dungeon.
You worshipped Gozag.
Gozag was aware of your devotion.
You visited 3 branches of the dungeon, and saw 14 of its levels.

You collected 1770 gold pieces.
You spent 332 gold pieces at shops.
You paid 1270 gold pieces to Gozag.

Inventory:

Hand Weapons
 k - the +6 spear "Zyribung" {vorpal, rPois}
   (You found it on level 3 of the Dungeon)

   It inflicts extra damage upon your enemies.
   rPois:     It protects you from poison.
Missiles
 a - a curare-tipped dart
 f - 10 poisoned darts
Armour
 c - a +1 robe of fire resistance (worn)
 j - a +0 cloak (worn)
 o - the +0 pair of gloves of Saroom (worn) {Will++ rCorr Int+6}
   (You bought it in a shop on level 9 of the Dungeon)

   Int:       It affects your intelligence (+6).
   rCorr:     It protects you from acid and corrosion.
   Will:      It greatly increases your willpower.
 p - a +1 leather armour of positive energy
 s - a +0 helmet (worn)
Magical Staves
 t - a staff of conjuration (weapon)
Jewellery
 g - a ring of willpower (left hand)
 l - a ring of flight
 q - an amulet of regeneration (around neck)
 u - a ring of willpower
Wands
 r - a wand of polymorph (5)
Scrolls
 d - 4 scrolls of immolation
 e - 2 scrolls of butterflies
 i - 8 scrolls of identify
 n - a scroll of teleportation
 v - 2 scrolls of noise
 w - a scroll of silence
 x - a scroll of amnesia
Miscellaneous
 m - a piece from Xom's chessboard (15/15)
 y - a phantom mirror (inert)


   Skills:
 + Level 8.6 Fighting
 - Level 1.5 Dodging
 - Level 1.5 Stealth
 * Level 10.6 Spellcasting
 * Level 9.3 Conjurations
 * Level 6.4 Fire Magic
 - Level 4.4 Evocations


You had 20 spell levels left.
You knew the following spells:

 Your Spells              Type           Power      Damage    Failure   Level
a - Magic Dart            Conj           100%       1d8       1%          1
b - Searing Ray           Conj           100%       2d8       1%          2
c - Dazzling Flash        Conj/Hex       100%       N/A       1%          3
d - Fireball              Conj/Fire      35%        3d15      4%          5

Your spell library contained the following spells:

 Spells                   Type           Power      Damage    Failure   Level
 Foxfire                  Conj/Fire      100%       2x1d9     1%          1
 Static Discharge         Conj/Air       56%        3-10/arc  1%          2
 Conjure Flame            Conj/Fire      71%        6-21      1%          3
 Flame Wave               Conj/Fire      71%        2d16      1%          4
 Iskenderun's Battlesphe  Conj           77%        2d13      2%          5
 Inner Flame              Hex/Fire       31%        N/A       3%          3
 Fulminant Prism          Conj/Hex       28%        3d14      6%          4
 Iskenderun's Mystic Bla  Conj/Tloc      56%        2d12      6%          4
 Lightning Bolt           Conj/Air       28%        1d44      17%         5
 Petrify                  Tmut/Erth      14%        N/A       36%         4
 Orb of Destruction       Conj           38%        9d11      58%         7
 Conjure Ball Lightning   Conj/Air       28%        3x3d8     67%         6
 Metabolic Englaciation   Hex/Ice        7%         N/A       73%         5
 Summon Forest            Summ/Tloc      7%         N/A       73%         5
 Summon Mana Viper        Hex/Summ       14%        N/A       73%         5
 Summon Cactus Giant      Summ           7%         N/A       99%         6
 Statue Form              Tmut/Erth      Unusable   N/A       N/A         6

Dungeon Overview and Level Annotations

Branches:
Dungeon (12/15)            Temple (1/1) D:5            Lair (1/5) D:11
    Orc (0/2) D:11

Altars:
Ashenzari
Cheibriados
Dithmenos
Fedhas
Gozag
Hepliaklqana
Kikubaaqudgha
Makhleb
Nemelex Xobeh
Okawaru
Qazlal
Ru
Sif Muna
Trog
Uskayaw
Vehumet
Wu Jian
Xom
Yredelemnul

Shops:
D:6 (   D:9 [

Annotations:
D:4 Natasha
D:8 2 transporters
D:10 1 runed translucent door, Ijustatesigmund's ghost, novice GrFi


Innate Abilities, Weirdness & Mutations

You are immune to poison.
Your flesh is cold resistant. (rC+)
You are immune to negative energy. (rN+++)
You are immune to unholy pain and torment.
You are vulnerable to heat. (rF-)
You are in touch with the powers of death.
You do not drink.


Message History

Unknown command.
Unknown command.
The searing ray hits the wraith.
The wraith is moderately damaged.
The searing ray hits the two-headed ogre!
The two-headed ogre is heavily wounded.
The wraith completely misses you.
Unknown command.
Unknown command.
Unknown command.
Unknown command.
The searing ray hits the wraith.
The wraith is moderately damaged.
The searing ray hits the two-headed ogre.
The two-headed ogre is heavily wounded.
You finish channelling your searing ray.
The wraith barely misses you.
Unknown command.
Unknown command.
Unknown command.
Unknown command.
Casting: Searing Ray (safe; 1% risk of failure)
Confirm with . or Enter, or press ? or * to list all spells.
Okay, then.
Casting: Searing Ray (safe; 1% risk of failure)
Confirm with . or Enter, or press ? or * to list all spells.
Okay, then.
Casting: Searing Ray (safe; 1% risk of failure)
Confirm with . or Enter, or press ? or * to list all spells.
Aiming: Searing Ray (safe; 1% risk of failure)
Press: ? - help, Shift-Dir - straight line, f/p - wraith
Aim: a wraith (moderately damaged, 83% to hit)
You feel a surge of power!
The searing ray hits the wraith.
The wraith is heavily damaged.
The searing ray hits the two-headed ogre!
The two-headed ogre is severely wounded. (Press . to maintain the ray.)
The wraith hits you!
You die...
Your body crumbles into a pile of gold.

########## .........#############
#### .........'...##.....[#######
#...
.........###..'......'.....###...
.........# ####......#####.......
.........# #......# #####...
#'######## ##@##### #... #.#
#W##### #... #.## #O....# #...
#..# #####.# ##.# ##.####
####'### ###.. #....# #......#
#.... ####.#### ###......# #....
#.....# #.'....>.# #....
###.....# ####.#......# #....


You could see a two-headed ogre (blind) and a wraith.

Vanquished Creatures
  A two-headed ogre (D:11)
  A deep elf pyromancer (D:11)
  An ugly thing (D:11)
  4 gargoyles (D:8)
  2 kobold demonologists (D:10)
  Psyche (D:9)
  A hornet (D:7)
  3 wyverns
  A wraith (D:11)
  13 yaks
  A vampire (D:10)
  3 steam dragons
  Grum (D:9)
  A vampire mosquito (D:11)
  Menkaure (D:4)
  A sky beast (D:7)
  2 orc warriors
  3 black bears
  3 ogres
  2 wolves (D:9)
  A centaur (D:5)
  A kobold brigand (D:10)
  Blork the orc (D:6)
  4 bullfrogs
  2 necrophages
  A gnoll sergeant (D:8)
  2 scorpions (D:5)
  12 wights
  33 killer bees
  A crimson imp (D:4)
  2 howler monkeys
  4 hounds
  5 orc priests
  3 gnoll boudas
  An iron imp (D:6)
  3 jellies
  2 iguanas
  5 orc wizards
  Natasha (twice) (D:4)
  19 gnolls
  6 adders
  2 shadow imps
  A white imp (D:4)
  An ufetubus (D:5)
  2 worms
  3 dart slugs
  26 orcs
  2 bats
  9 endoplasms
  A giant cockroach (D:4)
  5 goblins
  6 hobgoblins
  7 jackals
  10 kobolds
  5 quokkas
  11 ball pythons
  A frilled lizard (D:1)
  4 rats
252 creatures vanquished.

Notes
Turn   | Place    | Note
-------+----------+-------------------------------------------
     0 | D:1      | Amplified the Mummy Conjurer began the quest for the Orb.
     0 | D:1      | Reached XP level 1. HP: 13/13 MP: 4/4
   273 | D:1      | Found a faded altar of an unknown god.
   296 | D:1      | Reached skill level 3 in Spellcasting
   394 | D:1      | Reached XP level 2. HP: 18/20 MP: 4/6
   601 | D:1      | Learned a level 2 spell: Searing Ray
   837 | D:1      | Reached skill level 1 in Fighting
  1320 | D:2      | Gained mutation: You are in touch with the powers of death.
                  | [Mummy growth]
  1320 | D:2      | Reached XP level 3. HP: 18/26 MP: 5/7
  2182 | D:3      | Reached XP level 4. HP: 33/33 MP: 9/9
  2216 | D:3      | Identified the +6 spear "Zyribung" {vorpal, rPois}
  2388 | D:3      | Reached skill level 4 in Spellcasting
  2513 | D:3      | Reached XP level 5. HP: 38/39 MP: 11/11
  2984 | D:4      | Noticed Menkaure
  2996 | D:4      | Killed Menkaure
  2997 | D:4      | Reached XP level 6. HP: 7/47 MP: 3/13
  3252 | D:4      | Reached skill level 5 in Spellcasting
  3473 | D:4      | Learned a level 3 spell: Dazzling Flash
  3507 | D:4      | Reached XP level 7. HP: 41/54 MP: 9/15
  3591 | D:4      | Noticed Natasha
  3596 | D:4      | Killed Natasha
  3597 | D:4      | Reached skill level 5 in Conjurations
  3689 | D:4      | Reached skill level 6 in Spellcasting
  3902 | D:4      | Noticed Natasha
  3910 | D:4      | Killed Natasha
  3933 | D:4      | Noticed Natasha
  4058 | D:5      | Entered Level 5 of the Dungeon
  4437 | D:5      | Reached skill level 5 in Fighting
  4603 | D:5      | Reached XP level 8. HP: 51/62 MP: 9/18
  4605 | D:5      | Reached skill level 7 in Spellcasting
  4927 | D:5      | Found a staircase to the Ecumenical Temple.
  4935 | D:5      | Got the Octavo of Feathers and Embers
  4941 | Temple   | Entered the Ecumenical Temple
  5241 | Temple   | Became a worshipper of Gozag Ym Sagoz the Greedy
  5656 | D:6      | Found a snail-covered altar of Cheibriados.
  6034 | D:6      | Found Sajuph's Weapon Boutique.
  6097 | D:6      | Reached skill level 8 in Spellcasting
  6229 | D:6      | Noticed Blork the orc
  6246 | D:6      | Killed Blork the orc
  6994 | D:6      | Learned a level 5 spell: Fireball
  7629 | D:7      | Reached XP level 9. HP: 70/71 MP: 15/21
  7726 | D:7      | Reached skill level 1 in Fire Magic
  7726 | D:7      | Reached skill level 1 in Evocations
  8416 | D:7      | Found a shimmering altar of Xom.
  9043 | D:8      | Noticed a gargoyle
  9719 | D:8      | Found a transporter.
  9739 | D:8      | Found an ancient bone altar of Kikubaaqudgha.
  9796 | D:8      | Noticed a death knight
  9802 | D:8      | Found a basalt altar of Yredelemnul.
 10810 | D:8      | Found a transporter.
 10846 | D:9      | Noticed Psyche
 10846 | D:9      | Noticed Grum
 11041 | D:9      | Reached XP level 10. HP: 62/79 MP: 17/22
 11236 | D:9      | Found a bloodstained altar of Trog.
 11300 | D:9      | Bought a pair of brightly glowing gloves for 332 gold
                  | pieces
 11300 | D:9      | Identified the +0 pair of gloves of Saroom {Will++ rCorr
                  | Int+6} (You bought it in a shop on level 9 of the Dungeon)
 11709 | D:9      | Killed Psyche
 11997 | D:9      | Reached skill level 9 in Spellcasting
 11997 | D:9      | Reached skill level 5 in Fire Magic
 12150 | D:9      | Killed Grum
 12647 | D:10     | Entered Level 10 of the Dungeon
 12665 | D:8      | Killed a gargoyle
 12787 | D:8      | Noticed a gargoyle
 12789 | D:8      | Noticed a gargoyle
 12789 | D:8      | Noticed a gargoyle
 12899 | D:8      | Killed a gargoyle
 12909 | D:8      | Killed a gargoyle
 12943 | D:8      | Killed a gargoyle
 12944 | D:8      | Reached XP level 11. HP: 77/86 MP: 2/24
 13344 | D:10     | Found a runed translucent door.
 13344 | D:10     | Found a shimmering altar of Xom.
 13344 | D:10     | Noticed Ijustatesigmund's ghost (novice GrFi)
 13344 | D:10     | Noticed a +0 quarterstaff of chaos
 13716 | D:10     | Found a broken altar of Ashenzari.
 14104 | D:10     | Reached skill level 10 in Spellcasting
 14403 | D:11     | Found a staircase to the Lair.
 14567 | D:11     | Noticed a deep elf pyromancer
 14570 | D:11     | Killed a deep elf pyromancer
 14692 | D:11     | Noticed a green ugly thing
 14869 | D:11     | Noticed an eight-headed hydra
 15130 | D:12     | Noticed a two-headed ogre
 15170 | D:11     | Noticed a two-headed ogre
 15176 | D:11     | HP: 1/87 [two-headed ogre/+0 giant club (15)]
 15179 | D:11     | Killed a two-headed ogre
 15294 | Lair:1   | Entered Level 1 of the Lair of Beasts
 15349 | D:12     | Noticed a four-headed hydra
 15593 | D:11     | Found a staircase to the Orcish Mines.
 15703 | D:11     | Killed a green ugly thing
 15716 | D:11     | HP: 1/87 [wraith (11)]
 15731 | D:11     | Slain by a wraith

Illustrated notes

Levels and vault maps discovered:
D:1:      minmay_arrival_nine_rooms, layout_basic,
          hellmonk_ecumenical_altar_blasted
D:2:      layout_loops_ring, minivault_25, st_stairs_4, grunt_ministairs_2,
          minivault_11
D:3:      layout_rooms
D:4:      minmay_octagon_keep, layout_rooms, minmay_misc_feat_secret_circle,
          st_stairs_8, minmay_fire_ice_demons, uniq_natasha, uniq_menkaure
D:5:      layout_basic, minmay_temple_entry_trees
D:6:      layout_basic, slow_altar_2, serial_shops, nicolae_stop_n_shop_2,
          lightli_corner_chamber, uniq_blork_the_orc
D:7:      layout_loops_corners, xom_butterflies, serial_co_window_serial,
          co_window_of_opportunity_a, co_window_paths_a, co_window_corner_a,
          co_window_paths_a, co_window_paths_a, co_window_unsneaky_path_a,
          co_window_of_opportunity_b, co_window_broadway_a, co_window_cross_4,
          co_window_2corner, co_window_2corner, co_window_broadway_b,
          co_window_4corner_b
D:8:      cheibrodos_statue_roulette, layout_rooms, gammafunk_temple_of_torment,
          hellmonk_bongcloud_opening
D:9:      layout_rooms, overflow_temple_1_default, uniq_psyche, uniq_grum
D:10:     layout_loops_ring, lemuel_crystal_altar, ebering_ghost_xom
D:11:     layout_roguey, david_lair_generic, orc_0_dummy
D:12:     layout_cave_pools
Temple:   minmay_temple_bridge_d
Lair:1:   layout_cave_pods, grunt_megastairs_3, infiniplex_staircase_pool,
          lemuel_fruit_fields, uniq_nergalle

Skill      XL: |  1  2  3  4  5  6  7  8  9 10 11 |
---------------+----------------------------------+-----
Spellcasting   | 3 4 5 6 8 9 10 | 10.6
Fighting       | 1 2 3 4 5 6 7 8 |  8.6
Conjurations   | 4 5 6 7 8 9 |  9.3
Fire Magic     | 3 5 6 |  6.4
Evocations     | 3 4 |  4.4
Dodging        | |  1.5
Stealth        | |  1.5

Action                   |  1- 3 |  4- 6 |  7- 9 | 10-12 || total
-------------------------+-------+-------+-------+-------++-------
Melee: Unarmed           |     2 |       |       |       ||     2
       Trident           |    35 |     2 |       |       ||    37
       Spear             |       |   114 |   121 |       ||   235
       Punch             |       |     1 |     2 |       ||     3
       Staff             |       |       |    32 |    31 ||    63
Throw: Throwing net      |       |       |     2 |       ||     2
 Cast: Magic Dart        |    36 |       |    19 |     5 ||    60
       Searing Ray       |     3 |     7 |    56 |    48 ||   114
       Dazzling Flash    |       |       |     5 |     7 ||    12
       Fireball          |       |       |       |    27 ||    27
Invok: Call Merchant     |       |       |       |     1 ||     1
       Potion Petition   |       |       |       |     2 ||     2
Evoke: Wand              |       |       |    10 |    15 ||    25
       Phantom mirror    |       |       |       |     1 ||     1
  Use: Scroll            |     5 |       |     8 |     4 ||    17
 Stab: Distracted        |     1 |     1 |       |       ||     2
       Sleeping          |       |     1 |     2 |       ||     3
       Paralysed         |       |       |    17 |       ||    17
       Invisible         |       |       |     1 |       ||     1
Armor: Robe              |    14 |    31 |    48 |    29 ||   122
Dodge: Dodged            |    30 |    62 |   142 |    94 ||   328
